 Dungeon Crawl Stone Soup version 0.28.0-45-g0d030f2227 (webtiles) character file.

Game seed: 4116890961050031324

7051 Saba the Fighter (level 11, 0/106 HPs)
             Began as a Gargoyle Hunter on Apr 4, 2022.
             Was an Elder of Okawaru.
             Slain by a vampire mosquito (6 damage)
             ... on level 9 of the Dungeon.
             The game lasted 00:24:35 (14302 turns).

Saba the Fighter (Gargoyle Hunter)                 Turns: 14302, Time: 00:24:36

Health: 0/106      AC: 25    Str: 17 (20) XL:     11   Next: 9%
Magic:  11/11      EV:  2    Int:  9 (12) God:    Okawaru [****..]
Gold:   403        SH:  5    Dex:  9 (10) Spells: 10/10 levels left

rFire   . . .      SeeInvis .   h - +2 hand axe (elec)
rCold   . . .      Faith    .   (no shield)
rNeg    + . .      Spirit   .   (armour currently unavailable)
rPois   ∞          Reflect  +   (helmet currently unavailable)
rElec   .          Harm     .   (cloak currently unavailable)
rCorr   .          Rampage  .   (gloves currently unavailable)
Will    +....      NoTele   +   (boots currently unavailable)
Stlth   +.........              w - amulet of reflection
HPRegen 0.27/turn               r - ring of willpower
MPRegen 0.12/turn               f - ring of wizardry

@: tree-form, invisible
A: stationary, stasis, torment immunity, boosted hp, sickness immunity, AC +8,
negative energy resistance 1, (electricity resistance), torment resistance 1,
petrification resistance
a: Renounce Religion, Heroism, Finesse


You were on level 9 of the Dungeon.
You worshipped Okawaru.
Okawaru was greatly pleased with you.
You were a tree.
You visited 2 branches of the dungeon, and saw 11 of its levels.
You also visited: Sewer.

You collected 529 gold pieces.
You spent 126 gold pieces at shops.

Inventory:

Hand Weapons
 a - a +1 hand crossbow of freezing
 h - a +2 hand axe of electrocution (weapon)
 B - a +2 short sword of electrocution
Missiles
 d - 78 bolts
Armour
 g - a +1 hat of willpower (melded)
 x - a +0 cloak (melded)
 G - +0 acid dragon scales (melded)
Jewellery
 f - a ring of wizardry (right branch)
 r - a ring of willpower (left branch)
 w - an amulet of reflection (around neck)
Wands
 l - a wand of flame (16)
 A - a wand of digging (7)
Scrolls
 i - 4 scrolls of fear
 m - 6 scrolls of identify
 o - a scroll of holy word
 u - 2 scrolls of teleportation
 v - 5 scrolls of fog
 F - 2 scrolls of immolation {unknown}
Potions
 b - a potion of haste {unknown}
 e - a potion of ambrosia {unknown}
 j - a potion of mutation {unknown}
 k - 2 potions of attraction
 p - 5 potions of flight
 q - a potion of resistance {unknown}
 t - a potion of lignification
 C - 2 potions of curing
Miscellaneous
 n - a phantom mirror


   Skills:
 + Level 9.4 Fighting
 + Level 9.4 Crossbows
 + Level 9.1 Armour
 + Level 7.2 Dodging
 - Level 1.1 Stealth


You had 10 spell levels left.
You didn't know any spells.
Your spell library contained the following spells:

 Spells                   Type           Power      Damage    Failure   Level
 Apportation              Tloc           0%         N/A       16%         1
 Foxfire                  Conj/Fire      0%         2x1d4     16%         1
 Conjure Flame            Conj/Fire      0%         6-21      43%         3
 Inner Flame              Hex/Fire       0%         N/A       43%         3
 Flame Wave               Conj/Fire      0%         2d4       82%         4
 Alistair's Intoxication  Tmut/Pois      0%         N/A       98%         5


Dungeon Overview and Level Annotations

Branches:
Dungeon (10/15)            Temple (1/1) D:5           Sewer (visited)
   Lair: D:8-11         Orc: D:9-12

Altars:
Ashenzari
Cheibriados
Dithmenos
Elyvilon
Fedhas
Gozag
Hepliaklqana
Kikubaaqudgha
Makhleb
Nemelex Xobeh
Okawaru
Qazlal
Ru
Sif Muna
Trog
Uskayaw
Vehumet
Wu Jian
Xom
Yredelemnul
Zin
The Shining One

Shops:
D:3 *   D:4 =   D:5 ?*=   D:8 *([*


Innate Abilities, Weirdness & Mutations

You are a tree.
Your roots penetrate the ground, keeping you stationary.
You cannot be teleported.
You are immune to unholy pain and torment.
Your maximum health is greatly increased.
Your equipment is partially melded.
You are immune to sickness and miasma.
((Your stone body is resilient. (AC +8)))
You are immune to poison.
You resist negative energy. (rN+)
((You are resistant to electric shocks. (rElec)))
You are resistant to unholy torment.
You are immune to petrification.


Message History

Okawaru accepts your kill.
The vampire mosquito bites you but does no damage.
The vampire mosquito completely misses you.
You hit the vampire mosquito.
The vampire mosquito is moderately damaged.
You block the vampire mosquito's attack.
The vampire mosquito bites you but does no damage.
You hit the vampire mosquito.
The vampire mosquito is moderately damaged.
You block the vampire mosquito's attack. x2
The vampire mosquito bites you.
* * * LOW HITPOINT WARNING * * *
You barely miss the vampire mosquito.
The vampire mosquito is moderately damaged.
The vampire mosquito bites you but does no damage.
The vampire mosquito bites you.
* * * LOW HITPOINT WARNING * * *
You completely miss the vampire mosquito.
The vampire mosquito is moderately damaged.
The vampire mosquito bites you but does no damage. x2
You closely miss the vampire mosquito.
The vampire mosquito is moderately damaged.
The vampire mosquito bites you.
* * * LOW HITPOINT WARNING * * *
The vampire mosquito bites you but does no damage. x2
You hit the vampire mosquito.
The vampire mosquito is moderately damaged.
The vampire mosquito bites you but does no damage. x2
You hit the vampire mosquito.
Lightning courses through the vampire mosquito!!
You destroy the vampire mosquito!
Okawaru accepts your kill.
The vampire mosquito bites you but does no damage.
You barely miss the vampire mosquito. The vampire mosquito bites you!
* * * LOW HITPOINT WARNING * * *
The vampire mosquito bites you but does no damage.
You miss the vampire mosquito. The vampire mosquito bites you.
* * * LOW HITPOINT WARNING * * *
The vampire mosquito bites you.
You die...

#################################
........<......y♣................
..............#########..########
..............# #..#
..............# #..#
..............# #..#
..............# #..#
..............# #..#
..............# #..#
..............# #..#


You could see a vampire mosquito.

Vanquished Creatures
  Pikel (D:5)
  Maggie (D:6)
  A troll (D:9)
  A hornet (D:8)
  Sigmund (D:3)
  2 wraiths
  11 yaks
  A wyvern (D:9)
  2 steam dragons (D:8)
  3 vampire mosquitoes (D:9)
  Edmund (D:4)
  2 water moccasins
  Duvessa (D:5)
  4 orc warriors
  An ice beast (D:8)
  2 sky beasts
  2 necrophages
  3 centaurs
  3 kobold brigands
  Blork the orc (D:6)
  A bullfrog (D:7)
  Dowan (D:5)
  4 wights (D:7)
  3 killer bees (D:9)
  A howler monkey (D:7)
  3 lava snakes (D:8)
  2 jellies
  A hound (D:5)
  5 orc priests
  Jessica (D:3)
  Natasha (twice) (D:4)
  3 iguanas
  9 orc wizards
  A hound skeleton (D:4)
  4 gnolls (D:5)
  2 adders
  A river rat (Sewer)
  An adder skeleton (D:4)
  3 dart slugs
  28 orcs
  3 endoplasms
  4 giant cockroaches
  11 goblins
  10 hobgoblins
  9 jackals
  4 quokkas
  5 ball pythons
  5 bats
  A frilled lizard (D:1)
  22 kobolds
  6 rats
200 creatures vanquished.

Vanquished Creatures (others)
  An ufetubus (D:6)
  A fungus (D:2)
  A plant (D:2)
3 creatures vanquished.

Grand Total: 203 creatures vanquished

Notes
Turn   | Place    | Note
-------+----------+-------------------------------------------
     0 | D:1      | Saba the Gargoyle Hunter began the quest for the Orb.
     0 | D:1      | Reached XP level 1. HP: 12/12 MP: 1/1
   362 | D:1      | Reached XP level 2. HP: 18/18 MP: 2/2
   697 | D:1      | Reached skill level 1 in Armour
   813 | D:1      | Reached XP level 3. HP: 14/22 MP: 3/3
  1748 | D:2      | Found a faded altar of an unknown god.
  2135 | D:3      | Reached XP level 4. HP: 24/27 MP: 4/4
  2408 | D:3      | Noticed Jessica
  2416 | D:3      | Killed Jessica
  2458 | D:3      | Found Zinihob's Assorted Antiques.
  2870 | D:3      | Noticed Sigmund
  2888 | D:3      | Killed Sigmund
  2889 | D:3      | Reached skill level 5 in Crossbows
  2889 | D:3      | Reached XP level 5. HP: 19/33 MP: 1/5
  2889 | D:3      | Reached XP level 6. HP: 22/38 MP: 1/6
  3170 | D:4      | Noticed Edmund
  3182 | D:4      | Killed Edmund
  3397 | D:4      | Noticed Natasha
  3404 | D:4      | Killed Natasha
  3405 | D:4      | Reached XP level 7. HP: 38/44 MP: 3/7
  3642 | D:4      | Noticed Natasha
  3649 | D:4      | Killed Natasha
  4225 | D:4      | Found Banat's Jewellery Shoppe.
  4393 | D:5      | Entered Level 5 of the Dungeon
  4412 | D:5      | Found Sewep's Jewellery Shop.
  4460 | D:5      | Noticed Pikel
  4470 | D:5      | Killed Pikel
  4471 | D:5      | Reached skill level 5 in Fighting
  4471 | D:5      | Reached XP level 8. HP: 27/50 MP: 3/8
  4492 | D:5      | Reached skill level 5 in Armour
  5040 | D:5      | Found Keril's General Store.
  5059 | D:5      | Bought a scroll of teleportation for 36 gold pieces
  5059 | D:5      | Bought a scroll of identify for 24 gold pieces
  5066 | D:5      | Found Coaluima's Magic Scroll Shoppe.
  5070 | D:5      | Bought a scroll of fear for 42 gold pieces
  5070 | D:5      | Bought a scroll of fog for 24 gold pieces
  5241 | D:5      | Noticed Dowan
  5243 | D:5      | Noticed Duvessa
  5269 | D:5      | Killed Duvessa
  5277 | D:5      | Killed Dowan
  5574 | D:5      | Found a staircase to the Ecumenical Temple.
  5755 | Temple   | Entered the Ecumenical Temple
  6025 | Temple   | Became a worshipper of Warmaster Okawaru
  6136 | D:6      | Found a glowing drain.
  6394 | Sewer    | Entered a sewer
  6638 | Sewer    | Found a white marble altar of Elyvilon.
  6683 | D:6      | Noticed Blork the orc
  6689 | D:6      | Killed Blork the orc
  6694 | D:6      | Noticed a wraith
  6735 | D:6      | Killed a wraith
  6736 | D:6      | Reached XP level 9. HP: 42/56 MP: 9/9
  6868 | D:6      | Reached * piety under Okawaru
  7007 | D:6      | Noticed Maggie
  7023 | D:6      | Killed Maggie
  7024 | D:6      | Reached skill level 5 in Dodging
  7535 | D:7      | Reached ** piety under Okawaru
  8806 | D:8      | Noticed a hornet
  8821 | D:8      | Reached XP level 10. HP: 30/64 MP: 10/10
  9178 | D:8      | You fall into a shaft and drop 2 floors!
  9178 | D:10     | Entered Level 10 of the Dungeon
  9281 | D:10     | Noticed a two-headed ogre
  9657 | D:8      | Reached *** piety under Okawaru
  9744 | D:8      | Found an opulent altar of Gozag.
  9749 | D:8      | Found Pajyca's General Store.
 12038 | D:8      | Found Supeyv's Antique Weapon Emporium.
 12114 | D:8      | Found Ywumi's Assorted Antiques.
 12142 | D:8      | Found Sapp's Antique Armour Emporium.
 13550 | D:9      | Reached **** piety under Okawaru
 13563 | D:9      | Reached XP level 11. HP: 41/71 MP: 11/11
 14302 | D:9      | Slain by a vampire mosquito

Illustrated notes

Levels and vault maps discovered:
D:1:      evilmike_arrival_hilbert_curve, layout_basic, minmay_strange_pillars,
          chequers_serial_rivers_micro_d
D:2:      layout_basic, shapermc_ecumenical_altar_petra
D:3:      layout_loops_corners, serial_shops, shop, uniq_jessica, uniq_sigmund
D:4:      layout_loops_ring, serial_shops, nicolae_shop_behind_doors,
          uniq_natasha, uniq_edmund
D:5:      layout_loops_ring, temple_fountains, serial_shops, shop,
          kennysheep_mini, shop, uniq_pikel, uniq_duvessa
D:6:      layout_basic, portal_sewer_entry_a, kennysheep_pointless_box,
          uniq_maggie, uniq_blork_the_orc
D:7:      layout_loops_corners
D:8:      layout_basic, nicolae_overflow_crystal_walls, serial_shops,
          nicolae_inconvenience_store, shop_fountains,
          nicolae_shop_hallway_plus, nicolae_shop_advertising_works
          [nicolae_subvault_shop_adworks]
D:9:      layout_long_grid
D:10:     layout_stronghold
Temple:   regret_index_temple_sigil_plot

Skill      XL: |  1  2  3  4  5  6  7  8  9 10 11 |
---------------+----------------------------------+-----
Armour         | 1 3 4 5 7 8 9 |  9.1
Dodging        | 2 3 4 5 7 |  7.2
Fighting       | 3 4 5 6 7 9 |  9.4
Crossbows      | 5 6 8 9 |  9.4
Stealth        | |  1.1

Action                   |  1- 3 |  4- 6 |  7- 9 | 10-12 || total
-------------------------+-------+-------+-------+-------++-------
Melee: Short sword       |   156 |    81 |   439 |       ||   676
       Punch             |     1 |     1 |     5 |     3 ||    10
       Hand axe          |       |       |    14 |   263 ||   277
 Fire: Hand crossbow     |       |       |       |    27 ||    27
Evoke: Wand              |       |       |    20 |     9 ||    29
  Use: Potion            |       |     1 |     4 |     6 ||    11
       Scroll            |       |       |       |     7 ||     7
Armor: Leather armour    |    45 |       |       |       ||    45
       Scale mail        |    24 |       |    76 |       ||   100
       Plate armour      |       |    51 |    62 |       ||   113
       Acid dragon scale |       |       |    75 |   145 ||   220
       Skin              |       |       |       |    17 ||    17
Dodge: Dodged            |    90 |    19 |   168 |   240 ||   517
Block: Other             |       |       |    55 |    85 ||   140
       Reflection        |       |       |     7 |     4 ||    11
